 Adventure DCSS version bcrawl-1.32 (webtiles) character file.

Game seed: 9632838164584862632

185048 Leeroy the Carver (level 6, 15/35 HPs)
             Began as a Skeleton Skald on Aug 5, 2021.
             Was an Initiate of Gozag.
             Quit the game on level 5 of the Dungeon.
             The game lasted 00:07:00 (3697 turns).

Leeroy the Carver (Skeleton Skald)                  Turns: 3697, Time: 00:07:01

Health: 15/35      AC:  7    Str: 16 (17) XL:     6   Next: 82%
Magic:  5/10       EV: 11    Int: 12      God:    Gozag
Gold:   241        SH:  2    Dex: 10      Spells: 3/11 levels left
                                        Lives:  0   Deaths: 2

rFire    . . .     SeeInvis .   a - +0 long sword
rCold    + . .     Gourm    .   (no shield)
rNeg     + + +     Faith    .   c - +0 ring mail
rPois    ∞         Spirit   +   t - +0 hat
rElec    .         Reflect  .   f - +0 cloak
rCorr    .         Harm     .   (no gloves)
MR       .....                  p - +0 pair of boots
Stlth    +.........             (no amulet)
HPRegen  0.11/turn              (no ring)
MPRegen  0.12/turn              (no ring)

@: gold aura
A: no food or potions, cold resistance 1, deterioration 1, negative energy
resistance 3, powered by death 1, torment resistance, unbreathing, magic shield,
sturdy frame 1, spell healing
a: Potion Petition, Call Merchant, Bribe Branch, Renounce Religion


You were on level 5 of the Dungeon.
You worshipped Gozag.
Gozag was aware of your devotion.
You were not hungry.

You visited 1 branch of the dungeon, and saw 5 of its levels.

You collected 318 gold pieces.
You paid 77 gold pieces to Gozag.

Inventory:

Hand Weapons
 a - a +0 long sword (weapon)
 k - a +0 long sword
 q - a +1 hunting sling of flaming
 r - a cursed -3 dagger
Missiles
 s - 68 poisoned tomahawks (quivered)
Armour
 b - a +0 leather armour
 c - a +0 ring mail (worn)
 f - a +0 cloak (worn)
 j - a +0 scale mail
 l - a +0 buckler
 p - a +0 pair of boots (worn)
 t - a +0 hat (worn)
Wands
 n - a wand of iceblast (5)
 o - a wand of paralysis (7)
Scrolls
 d - a scroll of fear
 e - 5 scrolls of remove curse
 g - a scroll of teleportation
 h - a scroll of amnesia
 i - 7 scrolls of identify
 m - a scroll of magic mapping {unknown}


   Skills:
 - Level 2.0 Fighting
 + Level 11.5 Long Blades
 - Level 1.1 Armour
 - Level 2.0 Dodging
 + Level 2.8 Shields
 - Level 3.0 Spellcasting
 + Level 0.6 Hexes
 - Level 3.2 Charms


You had 3 spell levels left.
You knew the following spells:

 Your Spells              Type           Power        Failure   Level  Hunger
a - Infusion              Chrm           #.......     9%          1    N/A
b - Swiftness             Chrm/Air       #.......     26%         2    N/A
c - Song of Slaying       Chrm           #.......     13%         2    N/A
d - Spectral Weapon       Hex/Chrm       #.......     41%         3    N/A

Your spell library contained the following spells:

 Spells                   Type           Power        Failure   Level  Hunger
 Ozocubu's Armour         Chrm/Ice       #.......     45%         3    N/A
 Regeneration             Chrm/Necr      Unusable     N/A         3    N/A

Dungeon Overview and Level Annotations

Branches:
Dungeon (5/12)
 Temple: D:4-7

Altars:
Gozag
Kikubaaqudgha
Zin

Shops:
D:4 *

Annotations:
D:5 Blork the orc


Innate Abilities, Weirdness & Mutations

You do not eat or drink.
You are immune to poison.
Your flesh is cold resistant. (rC+)
Your body sometimes deteriorates upon taking damage.
You are immune to negative energy. (rN+++)
You regenerate a little health from kills.
You are immune to unholy pain and torment.
You can survive without breathing.
When hurt, damage is shared between your health and your magic reserves.
Your movements are slightly less encumbered by armour. (ER -2)
Casting spells heals you.


Message History

You closely miss the centaur.
The centaur is heavily wounded.
The centaur closely misses you.
You hit the centaur.
The centaur is heavily wounded.
The centaur hits you.
You are too injured to fight recklessly!
You are too injured to fight recklessly!
You are too injured to fight recklessly!
You are too injured to fight recklessly!
You are too injured to fight recklessly!
You are too injured to fight recklessly!
You are too injured to fight recklessly!
You hit the centaur.
The centaur is severely wounded.
The centaur barely misses you.
You hit the centaur but do no damage.
The centaur is severely wounded.
The centaur misses you. The centaur hits you!
Are you sure you want to abandon this character and quit the game? (Confirm with "yes".)

######
#....#
#.#..#
##.#.##
#.....# ###
##...$##...#
#.#........
###@.......
#c......##
(..####..#
##.. ..# #..
... ##. #.
## $


You could see a centaur.

Vanquished Creatures
  Pikel (D:5)
  A slave (D:5)
  A sky beast (D:4)
  2 phantoms (D:4)
  A centaur (D:5)
  A killer bee (D:4)
  2 crimson imps
  2 hounds (D:4)
  2 iguanas (D:4)
  4 worker ants
  A hound zombie (D:5)
  A hound skeleton (D:5)
  4 river rats (D:3)
  4 adders
  An ooze (D:4)
  5 worms
  A dart slug (D:2)
  4 leopard geckos
  An orc (D:3)
  4 ball pythons
  6 giant cockroaches
  4 goblins
  10 hobgoblins
  14 jackals
  6 quokkas
  6 bats
  14 frilled lizards
  5 kobolds
  A quokka skeleton (D:3)
  9 rats
118 creatures vanquished.

Notes
Turn   | Place    | Note
-------+----------+-------------------------------------------
     0 | D:1      | Leeroy the Skeleton Skald began the quest for the Orb.
     0 | D:1      | Reached XP level 1. HP: 12/12 MP: 4/4
   155 | D:1      | Reached skill level 3 in Long Blades
   175 | D:1      | Reached XP level 2. HP: 17/17 MP: 6/6
   422 | D:1      | Reached skill level 4 in Long Blades
   539 | D:2      | Reached XP level 3. HP: 17/21 MP: 4/7
   724 | D:2      | Learned a level 2 spell: Swiftness
   727 | D:2      | Learned a level 2 spell: Song of Slaying
   731 | D:2      | Learned a level 3 spell: Spectral Weapon
   968 | D:2      | Reached skill level 5 in Long Blades
  1066 | D:2      | Reached XP level 4. HP: 26/26 MP: 8/8
  1204 | D:2      | Found an ancient bone altar of Kikubaaqudgha.
  1543 | D:3      | Reached skill level 6 in Long Blades
  1669 | D:3      | Reached XP level 5. HP: 14/30 MP: 6/9
  1676 | D:3      | Found a glowing silver altar of Zin.
  2328 | D:3      | Reached skill level 7 in Long Blades
  2747 | D:4      | Gained mutation: You regenerate a little health from kills.
                  | [Skeleton growth]
  2747 | D:4      | Reached XP level 6. HP: 35/35 MP: 10/10
  2806 | D:4      | Reached skill level 8 in Long Blades
  2906 | D:4      | Reached skill level 9 in Long Blades
  3003 | D:4      | Reached XP level 7. HP: 34/40 MP: 8/11
  3021 | D:4      | Found Gozag's Platinum Reserve.
  3021 | D:4      | Found an opulent altar of Gozag.
  3058 | D:4      | Became a worshipper of Gozag Ym Sagoz the Greedy
  3479 | D:5      | Entered Level 5 of the Dungeon
  3479 | D:5      | Noticed Pikel
  3482 | D:5      | Noticed a hippogriff
  3489 | D:5      | Reached skill level 10 in Long Blades
  3491 | D:5      | Reached skill level 1 in Shields
  3499 | D:5      | HP: 1/40 [slave[Pikel] (3)]
  3499 | D:5      | Slain by a slave
  3500 | D:5      | Reached XP level 6. HP: -4/35 MP: 0/10
  3617 | D:5      | Killed a slave
  3634 | D:5      | Killed Pikel
  3635 | D:5      | Reached skill level 11 in Long Blades
  3635 | D:5      | Reached XP level 7. HP: 8/40 MP: 0/11
  3663 | D:5      | Noticed Blork the orc
  3677 | D:5      | Killed from afar by Blork the orc
  3678 | D:5      | Reached XP level 6. HP: -1/35 MP: 0/10
  3697 | D:5      | Quit the game

Skill      XL: |  1  2  3  4  5  6  7 |
---------------+----------------------+-----
Long Blades    | 3 4 5 6 7 11 10 | 11.5
Shields        | 2 1 |  2.8
Fighting       | |  2.0
Armour         | |  1.1
Dodging        | |  2.0
Spellcasting   | |  3.0
Hexes          | |  0.6
Charms         | |  3.2

Action                   |  1- 3 |  4- 6 |  7- 9 || total
-------------------------+-------+-------+-------++-------
Melee: Long sword        |   142 |   319 |    51 ||   512
 Cast: Song of Slaying   |       |     3 |     1 ||     4
       Spectral Weapon   |       |     2 |     1 ||     3
  Use: Scroll            |       |     4 |       ||     4
 Stab: Distracted        |       |     1 |       ||     1
Armor: Ring mail         |    51 |   129 |    24 ||   204
       Leather armour    |     2 |       |       ||     2
       Scale mail        |       |     2 |       ||     2
Dodge: Dodged            |    92 |   240 |    31 ||   363
Block: Other             |     1 |    20 |    25 ||    46
